 Dungeon Crawl Stone Soup version 0.27-a0-409-gd57800a693 (webtiles) character file.

Game seed: 14032844901791252873

4 Chiseanne the Gusty (level 1, 0/15 HPs)
             Began as a Demonspawn Wanderer on Feb 23, 2021.
             Slain by a leopard gecko (2 damage)
             ... on level 1 of the Dungeon.
             The game lasted 00:00:20 (69 turns).

Chiseanne the Gusty (Demonspawn Wanderer)             Turns: 69, Time: 00:00:21

Health: 0/15       AC:  3    Str: 14    XL:     1   Next: 50%
Magic:  1/1        EV: 11    Int: 11    God:
Gold:   15         SH:  0    Dex: 12    Spells: 0/0 levels left

rFire    . . .     SeeInvis .   a - +2 mace
rCold    . . .     Faith    .   (no shield)
rNeg     . . .     Spirit   .   f - +0 leather armour
rPois    .         Reflect  .   (no helmet)
rElec    .         Harm     .   (no cloak)
rCorr    .         Rampage  .   (no gloves)
Will     .....                  (no boots)
Stlth    +.........             (no amulet)
HPRegen  0.05/turn              (no ring)
MPRegen  0.07/turn              (no ring)

@: no status effects
A: no striking features
a: no special abilities


You were on level 1 of the Dungeon.
You visited 1 branch of the dungeon, and saw 1 of its levels.

You collected 15 gold pieces.

Inventory:

Hand Weapons
 a - a +2 mace (weapon)
Armour
 f - a +0 leather armour (worn)
Scrolls
 d - 3 scrolls of random uselessness {unknown}
Potions
 b - a potion of attraction {unknown}
 e - a potion of haste {unknown}


   Skills:
 * Level 1.3 Fighting
 - Level 1.0 Maces & Flails
 - Level 1.7 Throwing
 - Level 1.0 Armour
 * Level 0.5 Dodging
 - Level 1.7 Fire Magic
 - Level 2.6 Air Magic


You couldn't memorise any spells.
You knew the following spells:

 Your Spells              Type           Power        Failure   Level
a - Foxfire               Conj/Fire      4%           30%         1

Your spell library contained the following spells:

 Spells                   Type           Power        Failure   Level
 Conjure Flame            Conj/Fire      1%           67%         3


Dungeon Overview and Level Annotations

Branches:
Dungeon (1/15)

Altars:


Message History

The frilled lizard closely misses you. x2
You hit the frilled lizard.
You kill the frilled lizard!
The leopard gecko barely misses you. The frilled lizard bites you.
The frilled lizard barely misses you. The leopard gecko bites you.
The frilled lizard barely misses you.
You are too injured to fight recklessly!
You are too injured to fight recklessly!
You are too injured to fight recklessly!
You are too injured to fight recklessly!
You are too injured to fight recklessly!
You are too injured to fight recklessly!
You are too injured to fight recklessly!
You are too injured to fight recklessly!
You are too injured to fight recklessly!
You are too injured to fight recklessly!
You are too injured to fight recklessly!
You are too injured to fight recklessly!
You are too injured to fight recklessly!
You are too injured to fight recklessly!
You are too injured to fight recklessly!
The frilled lizard bites you but does no damage.
The frilled lizard bites you.
You sock the frilled lizard!
You kill the frilled lizard!
The frilled lizard bites you.
* * * LOW HITPOINT WARNING * * *
You closely miss the frilled lizard.
The frilled lizard bites you but does no damage.
You barely miss the frilled lizard.
The frilled lizard bites you but does no damage.
You miss the frilled lizard. The frilled lizard closely misses you.
The frilled lizard bites you.
* * * LOW HITPOINT WARNING * * *
You sock the frilled lizard!
You kill the frilled lizard!
You hit the frilled lizard.
You kill the frilled lizard!
You miss the leopard gecko. The leopard gecko bites you.
You die...

##..## #.# ......#
#.# .≈≈≈≈.. #.#
.≈≈≈≈≈.##.##
≈≈≈≈≈≈..l..#
≈≈≈≈≈≈.....#
..≈≈≈≈...##.#
#......####l# ####
#.#..## #@#
##.###... #.#
.[..##.###### ##.##
.....#.##...###...##
...................#
.....#........#...##
..............#..##
##.#.............#
##.#.####....##..#


You could see a leopard gecko.

Vanquished Creatures
  6 frilled lizards (D:1)
6 creatures vanquished.

Notes
Turn   | Place    | Note
-------+----------+-------------------------------------------
     0 | D:1      | Chiseanne the Demonspawn Wanderer began the quest for the
                  | Orb.
     0 | D:1      | Chiseanne set off with the following items: a +2 mace, a +0
                  | robe; and the following spell memorised: Foxfire; and the
                  | following spells available to memorise: Conjure Flame
     0 | D:1      | Reached XP level 1. HP: 15/15 MP: 1/1
    69 | D:1      | Slain by a leopard gecko

Illustrated notes

Levels and vault maps discovered:
D:1:      wander_arrival_desolate, layout_loops_ring, wad_floor_pattern_1,
          minmay_lizard_pond

Action                   || total
-------------------------++-------
Melee: Mace              ||    12
Armor: Leather armour    ||     5
Dodge: Dodged            ||    12

Table legend: (Time is in decaauts)
 A = Elapsed time spent in this place.
 B = Non-inter-level travel time spent in this place.
 C = Inter-level travel time spent in this place.
 D = Time resting spent in this place.
 E = Time spent auto-exploring this place.
 F = Levels seen in this place.
 G = Mean time per level.
                   A        B        C        D        E       F      G
               +--------+--------+--------+--------+--------+-----+--------+
         Total |     72 |     72 |      0 |      0 |     29 |   1 |   72.0 |
       Dungeon |     72 |     72 |      0 |      0 |     29 |   1 |   72.0 |
               +--------+--------+--------+--------+--------+-----+--------+

Top non-repeatable levels by time:
     D:1: 72 daAuts
